 Dungeon Crawl Stone Soup version 0.30-a0-169-g06f667207d (webtiles) character file.

Game seed: 12887270992170143030

69 qw the Chopper (level 4, 0/28 HPs)
             Began as a Gargoyle Fighter on Sept 29, 2022.
             Slain by Grinder (5 damage)
             ... while paralysed by Grinder
             ... on level 3 of the Dungeon.
             The game lasted 00:00:39 (2412 turns).

qw the Chopper (Gargoyle Fighter)                   Turns: 2412, Time: 00:00:40

Health: 0/28       AC: 10    Str: 21    XL:     4   Next: 20%
Magic:  4/4        EV:  2    Int:  9    God:
Gold:   125        SH:  0    Dex:  9    Spells: 3/3 levels left

rFire   . . .      SeeInvis .    g - +10 broad axe "Odexowed" {drain, rElec rPois rC+}
rCold   + . .      Faith    .    c - +0 buckler
rNeg    + . .      Spirit   .    b - +0 scale mail
rPois   inf        Reflect  .    (no helmet)
rElec   +          Harm     .    (no cloak)
rCorr   .          Rampage  .    (no gloves)
Will    .....                    (no boots)
Stlth   ..........               (no amulet)
HPRegen 0.09/turn                (no ring)
MPRegen 0.09/turn                (no ring)

@: paralysed
A: sickness immunity, AC +3, negative energy resistance 1, electricity
resistance, torment resistance 1, petrification resistance
a: no special abilities


You were on level 3 of the Dungeon.
You visited 1 branch of the dungeon, and saw 3 of its levels.

You collected 125 gold pieces.


Innate Abilities, Weirdness & Mutations

You are immune to sickness and miasma.
Your stone body is resilient. (AC +3)
You are immune to poison.
You resist negative energy. (rN+)
You are resistant to electric shocks. (rElec)
You are resistant to unholy torment.
You are immune to petrification.


   Skills:
 - Level 3.2 Fighting
 + Level 4.0 Axes
 - Level 3.2 Armour
 - Level 3.2 Shields


You had 3 spell levels left.
You didn't know any spells.
Your spell library was empty.

Inventory:

Hand Weapons
 g - the +10 broad axe "Odexowed" (weapon) {drain, rElec rPois rC+}
   (You acquired it on level 2 of the Dungeon)

   A truly terrible weapon, it drains the life of any living foe it strikes.
   rC:        It protects you from cold.
   rElec:     It insulates you from electricity.
   rPois:     It protects you from poison.
 r - a +0 flail of draining
Armour
 b - a +0 scale mail (worn)
 c - a +0 buckler (worn)
Scrolls
 a - 2 scrolls of identify
Potions
 d - a potion of might
 e - a potion of heal wounds
 f - 2 potions of curing
 j - a potion of mutation
 k - a potion of experience {unknown}
 m - a potion of magic {unknown}
 n - a potion of cancellation {unknown}

Dungeon Overview and Level Annotations

Branches:
Dungeon (3/15)

Altars:
Makhleb

Annotations:
D:3 Grinder


Message History

Found a helmet.
Grinder shouts!
Enter note:
2392 ||| Stepping ~*~*~tactically~*~*~ (hiding).
2393 ||| Stepping ~*~*~tactically~*~*~ (hiding).
You start waiting.
Grinder is nearby!
You slice Grinder!!
Grinder is heavily wounded.
Grinder blinks!
You barely miss Grinder.
Grinder is heavily wounded.
Grinder gestures at you. You resist with significant effort.
You slash Grinder!
Grinder is severely wounded.
Grinder hits you but does no damage. x2
You slash Grinder!
Grinder is almost dead.
Grinder hits you!
You closely miss Grinder.
Grinder is almost dead.
Grinder gestures at you.
You suddenly lose the ability to move!
Grinder blinks!
Grinder blinks!
Grinder gestures at you. You resist with significant effort.
Grinder gestures at you. Pain shoots through your body!
You can move again.
You barely miss Grinder.
Grinder is almost dead.
Grinder hits you.
You writhe in agony.
You closely miss Grinder.
Grinder is almost dead.
Grinder gestures at you.
You suddenly lose the ability to move!
Grinder hits you! Grinder hits you.
You die...

......... #....#
..........#.
#....##.#..#...#.#. .
#..............#.#.
..#####......... #.......
.................#...#.#.
............#.##.#.......
.[......5..............##
........@........#.......
.#####.....#.##.#...####
#.#.....#............
###.......#..#.#...####
#.........#..#.#.......
#.#.....).#........####
#..............##..#
#.#.....#.#..####..#
#.#.#####.#..# #..#


You could see Grinder.

Vanquished Creatures
  2 adders (D:2)
  3 dart slugs (D:2)
  2 orcs (D:2)
  5 ball pythons
  4 endoplasms (D:2)
  2 giant cockroaches (D:2)
  4 goblins
  4 hobgoblins (D:2)
  2 kobolds
  3 quokkas
  3 bats
  A frilled lizard (D:2)
  6 rats
41 creatures vanquished.

Vanquished Creatures (others)
  A plant (D:1)
1 creature vanquished.

Grand Total: 42 creatures vanquished

Notes
Turn   | Place    | Note
-------+----------+-------------------------------------------
     0 | D:1      | qw the Gargoyle Fighter began the quest for the Orb.
     0 | D:1      | Reached XP level 1. HP: 14/14 MP: 1/1
     0 | D:1      | 0 ||| qw: Version: 0.2-a-12-gaebbb33
     0 | D:1      | 0 ||| qw: Game counter: 1360
     0 | D:1      | 0 ||| qw: Always use a shield: true
     0 | D:1      | 0 ||| qw: God list: Okawaru
     0 | D:1      | 0 ||| qw: Allow faded altars: false
     0 | D:1      | 0 ||| qw: Do Orc after D:15 true
     0 | D:1      | 0 ||| qw: Do second Lair branch before Depths: true
     0 | D:1      | 0 ||| qw: Lair rune preference: random
     0 | D:1      | 0 ||| qw: Plans: Normal, Zot:1-4, God:TSO, Crypt, Tomb,
                  | Pan, Slime:5, Hells, Abyss, Orb
     0 | D:1      | 0 ||| PLANNING D:1-11
    31 | D:1      | 31 ||| Stepping ~*~*~tactically~*~*~ (stealth).
    83 | D:1      | Reached skill level 2 in Axes
   211 | D:1      | You fall into a shaft and drop 1 floor!
   215 | D:2      | Reached XP level 2. HP: 19/19 MP: 2/2
   215 | D:2      | 215 ||| READING 2 scrolls labelled RORCHA DEUFEJ.
   216 | D:2      | 216 ||| READING scroll labelled MULLYCW LANKUGH.
   217 | D:2      | 217 ||| DRINKING 2 dark potions.
   923 | D:1      | 923 ||| READING 2 scrolls of identify.
   923 | D:1      | 923 ||| IDENTIFYING fuming green potion
  1052 | D:2      | 1052 ||| Stepping ~*~*~tactically~*~*~ (hiding).
  1065 | D:2      | Reached skill level 3 in Axes
  1146 | D:2      | Reached XP level 3. HP: 23/23 MP: 3/3
  1409 | D:2      | 1409 ||| Stepping ~*~*~tactically~*~*~ (stealth).
  1610 | D:2      | 1610 ||| Stepping ~*~*~tactically~*~*~ (hiding).
  1778 | D:2      | 1778 ||| Stepping ~*~*~tactically~*~*~ (stealth).
  1784 | D:2      | 1784 ||| Stepping ~*~*~tactically~*~*~ (stealth).
  1822 | D:2      | Reached XP level 4. HP: 28/28 MP: 4/4
  1823 | D:2      | 1823 ||| Stepping ~*~*~tactically~*~*~ (stealth).
  1951 | D:2      | 1951 ||| DROPPING +0 club.
  1959 | D:2      | Found a faded altar of an unknown god.
  2138 | D:2      | 2138 ||| READING scroll labelled KUWAIBR URUN.
  2142 | D:2      | 2142 ||| READING scroll labelled APREKE GOEHU.
  2143 | D:2      | 2143 ||| READING scroll labelled YPRUTI IRRUM.
  2143 | D:2      | Identified a scroll of acquirement
  2143 | D:2      | 2143 ||| ACQUIRING +10 broad axe "Odexowed" {drain, rElec
                  | rPois rC+}
  2143 | D:2      | Acquired the +10 broad axe "Odexowed" {drain, rElec rPois
                  | rC+}
  2145 | D:2      | 2145 ||| SWAPPING to +10 broad axe "Odexowed" {drain, rElec
                  | rPois rC+}.
  2146 | D:2      | 2146 ||| DROPPING +0 war axe.
  2147 | D:2      | 2147 ||| READING scroll labelled YMOBYI YNOCW.
  2148 | D:2      | 2148 ||| READING scroll labelled MONOCV LEURR.
  2249 | D:2      | 2249 ||| READING 3 scrolls of identify.
  2249 | D:2      | 2249 ||| IDENTIFYING emerald potion
  2250 | D:2      | 2250 ||| READING 2 scrolls of identify.
  2250 | D:2      | 2250 ||| IDENTIFYING ruby potion
  2251 | D:2      | 2251 ||| DROPPING potion of flight.
  2287 | D:3      | 2287 ||| PLANNING SEWER
  2308 | D:3      | Reached skill level 4 in Axes
  2328 | D:3      | Found a burning altar of Makhleb.
  2391 | D:3      | Noticed Grinder
  2392 | D:3      | 2392 ||| Stepping ~*~*~tactically~*~*~ (hiding).
  2393 | D:3      | 2393 ||| Stepping ~*~*~tactically~*~*~ (hiding).
  2403 | D:3      | Paralysed by Grinder for 5 turns
  2410 | D:3      | Paralysed by Grinder for 5 turns
  2411 | D:3      | HP: 5/28 [Grinder (8)]
  2412 | D:3      | Slain by Grinder

Levels and vault maps discovered:
D:1:      dpeg_arrival_rhombi, layout_basic, serial_bayou_lagoon_b
D:2:      minmay_chambers_of_twos, layout_loops_ring,
          hellmonk_ecumenical_altar_defaced_shrine
D:3:      layout_basic, mainiacjoe_overflow_catwalk_spiral,
          cheibrodos_sewer_entry_sluice, uniq_grinder

Skill      XL: |  1  2  3  4 |
---------------+-------------+-----
Axes           | 2 3 4 |  4.0
Fighting       | |  3.2
Armour         | |  3.2
Shields        | |  3.2

Action                   |  1- 3 |  4- 6 || total
-------------------------+-------+-------++-------
Melee: War axe           |    76 |    11 ||    87
       Broad axe         |       |     9 ||     9
  Use: Scroll            |     3 |     7 ||    10
       Potion            |     1 |       ||     1
Armor: Scale mail        |    35 |     6 ||    41
Dodge: Dodged            |    30 |     3 ||    33
Block: Buckler           |     9 |     1 ||    10

Table legend:
 A = Non-vault XP
 B = Vault XP
 C = Vault XP percentage of total XP
 D = Non-vault monster count
 E = Vault monster count
 F = Vault count percentage of total count
                 A         B        C        D         E       F
            +---------+---------+-------+---------+---------+-------
      Total |      54 |      45 |  45.5 |      31 |      10 |  24.4
            +---------+---------+-------+---------+---------+-------
        D:1 |      15 |       0 |   0.0 |      10 |       0 |   0.0
        D:2 |      38 |      45 |  54.2 |      20 |      10 |  33.3
        D:3 |       1 |       0 |   0.0 |       1 |       0 |   0.0
            +---------+---------+-------+---------+---------+-------
